[Event "Titled Tuesday Blitz June 27 Late 2023"]
[White "De La Villa Garcia, Jesus Maria"]
[Black "Elsa167"]
[WhiteFideId "2200040"]
[WhiteElo "2641"]
[BlackElo "2862"]
[Result "1-0"]
[Round "5"]
[TimeControl "180+2"]
[Date "2023.06.27"]
[WhiteClock "0:00:05"]
[BlackClock "0:00:00"]
[Board "34"]

1. c4 e6 2. g3 f5 3. Bg2 Nf6 4. Nc3 Bb4 5. Nf3 O-O 6. O-O d6 7. Qb3 a5 8. a3 Bxc3 9. Qxc3 a4 10. d3 Nc6 11. b4 axb3 12. Qxb3 e5 13. c5+ d5 14. Bb2 Re8 15. Rad1 Kh8 16. Rfe1 Qe7 17. e4 fxe4 18. dxe4 d4 19. Nh4 Qxc5 20. Rc1 Qb6 21. Qxb6 cxb6 22. f4 Ra5 23. Nf3 exf4 24. gxf4 d3 25. Nd2 Rc5 26. Bf1 Nh5 27. f5 Nf4 28. Kf2 Kg8 29. Kf3 g5 30. h4 h6 31. hxg5 hxg5 32. Kg4 Kf7 33. Kxg5 Ne6+ 34. Kg4 Rg8+ 35. Kh4 Ned4 36. Bxd3 Bd7 37. Rxc5 bxc5 38. Bc4+ Ne6 39. fxe6+ Bxe6 40. Rf1+ Ke7 41. Bf6+ Kd7 42. Rd1 Rg4+ 43. Kh5 Rg2 44. Bxe6+ Kxe6 45. Bg5 Ne5 46. Bh4 c4 47. Nf1 c3 48. Ne3 Re2 49. Nf5 c2 50. Rc1 Nd3 51. Nd4+ Ke5 52. Nxe2 Nxc1 53. Nxc1 Kxe4 54. Bg5 1-0


[Site "https://www.chess.com"]

[Event "Titled Tuesday Blitz June 27 Late 2023"]
[White "Pichot, Alan"]
[Black "Andrej2004"]
[WhiteFideId "110973"]
[WhiteElo "2847"]
[BlackElo "2630"]
[Result "0-1"]
[Round "5"]
[TimeControl "180+2"]
[Date "2023.06.27"]
[WhiteClock "0:01:33"]
[BlackClock "0:01:54"]
[Board "35"]

1. e4 e5 2. Nf3 Nc6 3. Bb5 a6 4. Ba4 Nge7 5. c3 g6 6. d4 exd4 7. cxd4 b5 8. Bc2 Bg7 9. O-O O-O 10. d5 Na5 11. Bd2 Nc4 12. Bc3 Nxb2 13. Qc1 Nc4 14. Bxg7 Kxg7 15. Nbd2 Nxd2 16. Qxd2 d6 17. Rac1 c5 18. dxc6 Nxc6 19. Qc3+ Ne5 20. Nxe5 dxe5 21. Qxe5+ Qf6 22. Qxf6+ Kxf6 23. Bb3 Be6 24. Rc6 Rfc8 25. Rfc1 Rxc6 26. Rxc6 Rc8 27. Rxc8 Bxc8 28. f4 Be6 29. Kf2 Bxb3 30. axb3 a5 31. Ke3 Ke6 32. Kd4 Kd6 33. e5+ Ke6 34. g4 a4 0-1


[Site "https://www.chess.com"]

[Event "Titled Tuesday Blitz June 27 Late 2023"]
[White "Krzyzanowski, Marcin"]
[Black "Pinheiro, Iung Alicio de O."]
[WhiteFideId "1132199"]
[BlackFideId "2104350"]
[WhiteElo "2841"]
[BlackElo "2582"]
[Result "1-0"]
[Round "5"]
[TimeControl "180+2"]
[Date "2023.06.27"]
[WhiteClock "0:00:04"]
[BlackClock "0:00:00"]
[Board "36"]

1. Nf3 c5 2. e4 Nc6 3. d4 cxd4 4. Nxd4 g6 5. c4 Nf6 6. Nc3 d6 7. f3 Nxd4 8. Qxd4 Bg7 9. Be3 O-O 10. Qd2 Be6 11. Rc1 Qa5 12. b3 Rfc8 13. Bd3 a6 14. Ne2 Qxd2+ 15. Kxd2 Nd7 16. Nf4 Nc5 17. Be2 a5 18. h4 Bb2 19. Rc2 Ba3 20. Nxe6 Nxe6 21. f4 Bc5 22. f5 Bxe3+ 23. Kxe3 Nc5 24. fxg6 hxg6 25. Rb1 Kg7 26. a3 a4 27. b4 Nb3 28. Rc3 e5 29. Bd1 Nd4 30. c5 Nb5 31. Rd3 dxc5 32. bxc5 Rxc5 33. Rd7 Ra7 34. Rd3 Nd4 35. Rb4 b5 36. Rb1 Rac7 37. g4 Rc3 38. h5 Rxd3+ 39. Kxd3 gxh5 40. gxh5 Kh6 41. Rb2 Rd7 42. Ke3 Kg5 43. Rg2+ Kh6 44. Rg8 Ne6 45. Be2 Rc7 46. Bxb5 Rc3+ 47. Kd2 Rxa3 48. Be8 Ng5 49. Bc6 Rh3 50. Bd5 a3 51. Ra8 Rxh5 52. Ke3 Rh3+ 53. Kf2 Rf3+ 54. Kg2 Rc3 55. Rh8+ Kg7 56. Ra8 Nf3 57. Kf2 Ng5 58. Ra7 Kg6 59. Ke2 Rh3 60. Kd2 f6 61. Ra8 Nf3+ 62. Kc3 Nd4+ 63. Kb4 Nc2+ 64. Kc5 Nd4 65. Kd6 Kg5 66. Ke7 Rh6 67. Kd6 Kf4 68. Kc5 Rh3 69. Ra6 Kg5 70. Ra8 Nf3 71. Kd6 Nd4 72. Rg8+ Kf4 73. Rf8 Rh6 74. Kc5 1-0


[Site "https://www.chess.com"]

[Event "Titled Tuesday Blitz June 27 Late 2023"]
[White "Harshavardhan G B"]
[Black "Ganiev, Roman"]
[WhiteFideId "25059009"]
[BlackFideId "4131452"]
[WhiteElo "2811"]
[BlackElo "2581"]
[Result "1-0"]
[Round "5"]
[TimeControl "180+2"]
[Date "2023.06.27"]
[WhiteClock "0:01:14"]
[BlackClock "0:00:13"]
[Board "37"]

1. d4 Nf6 2. c4 e6 3. Nc3 Bb4 4. f3 c5 5. a3 Ba5 6. d5 b5 7. e4 d6 8. Ne2 bxc4 9. Nf4 e5 10. Ne2 Nbd7 11. Ng3 Nb6 12. Be2 Ng8 13. O-O Ne7 14. f4 exf4 15. Bxf4 Ng6 16. Nh5 O-O 17. Qc1 f6 18. Nb5 Ne5 19. Bg3 Ba6 20. Nc3 Nd3 21. Qc2 Rb8 22. Bg4 Nxb2 23. Qxb2 Na4 24. Qxb8 Qxb8 25. Nxa4 Qb3 26. Bxd6 Qxa4 27. Be6+ Rf7 28. Nxf6+ gxf6 29. Rxf6 Bc8 30. Bxf7+ Kg7 31. Be5 c3 32. Raf1 c2 33. Rg6+ Kf8 34. Bd6# 1-0


[Site "https://www.chess.com"]

[Event "Titled Tuesday Blitz June 27 Late 2023"]
[White "Bazeev, German"]
[Black "Fantinel, Thibault"]
[WhiteFideId "24119350"]
[BlackFideId "663395"]
[WhiteElo "2809"]
[BlackElo "2579"]
[Result "1-0"]
[Round "5"]
[TimeControl "180+2"]
[Date "2023.06.27"]
[WhiteClock "0:00:07"]
[BlackClock "0:00:00"]
[Board "38"]

1. d4 Nf6 2. Nf3 b6 3. c4 Bb7 4. Nc3 e6 5. Bg5 Be7 6. e3 O-O 7. Bd3 c5 8. dxc5 bxc5 9. O-O h6 10. Bh4 d6 11. Qe2 Nbd7 12. Rad1 Bc6 13. b3 a6 14. Rfe1 Qc7 15. e4 Rfd8 16. Bg3 Qb7 17. h3 Nf8 18. Nd5 Ng6 19. Nxe7+ Qxe7 20. Qd2 e5 21. Qa5 Nh5 22. Bf1 Nhf4 23. Kh2 Ne6 24. b4 cxb4 25. Qxb4 Nc5 26. Nd2 Rdb8 27. Qa3 h5 28. f3 a5 29. Nb3 Rb4 30. Bf2 Nf4 31. Rxd6 Nxe4 32. fxe4 Qxd6 33. Bc5 Qg6 34. Bxb4 axb4 35. Qb2 Bxe4 36. Qxe5 Bxg2 37. Qxf4 Bxf1 38. Rxf1 Rxa2+ 39. Rf2 Ra3 40. Nd4 Rc3 41. Qf5 Qh6 42. Nf3 Qe3 43. Rg2 g6 44. Nh4 Rxc4 45. Nxg6 fxg6 46. Rxg6+ 1-0


[Site "https://www.chess.com"]

[Event "Titled Tuesday Blitz June 27 Late 2023"]
[White "Haydon, David L"]
[Black "Manukyan, Artyom"]
[WhiteFideId "415405"]
[BlackFideId "13305786"]
[WhiteElo "2804"]
[BlackElo "2567"]
[Result "1-0"]
[Round "5"]
[TimeControl "180+2"]
[Date "2023.06.27"]
[WhiteClock "0:00:28"]
[BlackClock "0:00:03"]
[Board "39"]

1. d4 d5 2. Nc3 Nf6 3. Bf4 c5 4. e3 cxd4 5. exd4 a6 6. Nf3 Nc6 7. Be2 Bf5 8. O-O e6 9. Ne5 Bd6 10. Nxc6 bxc6 11. Bxd6 Qxd6 12. Na4 O-O 13. c3 Rab8 14. Bxa6 Ne4 15. b4 Ra8 16. Bd3 Nxf2 17. Rxf2 Bxd3 18. Nc5 Bc4 19. a4 Ra7 20. Qg4 e5 21. Qg3 Re7 22. dxe5 Qh6 23. Re1 Rfe8 24. a5 Qh5 25. e6 fxe6 26. h4 e5 27. Re3 e4 28. Kh2 Re5 29. Nd7 Rf5 30. Nf6+ Rxf6 31. Rxf6 Bb5 32. Rf2 h6 33. Kh3 Kh8 34. Qg4 Qe5 35. Qf5 Qe7 36. Qf7 Qd8 37. Rg3 Rg8 38. Qe6 c5 39. Rf7 cxb4 40. Rgxg7 1-0


[Site "https://www.chess.com"]

[Event "Titled Tuesday Blitz June 27 Late 2023"]
[White "Domingo Nunez, Ruben"]
[Black "Leitao, Rafael"]
[WhiteFideId "22245570"]
[BlackFideId "2101246"]
[WhiteElo "2566"]
[BlackElo "2792"]
[Result "1/2-1/2"]
[Round "5"]
[TimeControl "180+2"]
[Date "2023.06.27"]
[WhiteClock "0:00:11"]
[BlackClock "0:00:06"]
[Board "40"]

1. a3 a6 2. h3 h6 3. g3 g6 4. Bg2 Bg7 5. d3 Nf6 6. Nf3 d5 7. O-O c5 8. c4 Nc6 9. Nbd2 O-O 10. Rb1 a5 11. b3 b6 12. Ne1 Bb7 13. Nc2 Rc8 14. b4 axb4 15. axb4 cxb4 16. Nxb4 Nxb4 17. Rxb4 Bc6 18. Bb2 dxc4 19. Rxc4 Bxg2 20. Kxg2 Qd5+ 21. Kh2 b5 22. Rb4 h5 23. Qb3 Qxb3 24. Rxb3 Rc2 25. Rd1 Rb8 26. Kg2 Nd5 27. Bxg7 Kxg7 28. Kf1 Nc3 29. Ra1 b4 30. Ke1 Rb6 31. e3 e5 32. Nc4 Rf6 33. Nd2 Rb6 34. Ne4 Nxe4 35. dxe4 Rd6 36. Rxb4 Rdd2 37. Rc1 Rxf2 38. Rxc2 Rxc2 39. Kf1 g5 40. Rb5 f6 41. Rb4 Kg6 42. Kg1 Re2 43. Rb3 Rd2 44. Ra3 Re2 45. Rb3 Kf7 46. Rb7+ Ke6 47. Rb6+ Ke7 48. Rb7+ Kd6 49. Rb6+ Kc5 50. Rxf6 Rxe3 51. Kf2 Rxe4 52. Rf5 h4 53. Rxg5 hxg3+ 54. Rxg3 Kd4 55. Rg4 Rxg4 56. hxg4 e4 57. g5 Ke5 58. Ke3 Kf5 59. g6 Kxg6 60. Kxe4 1/2-1/2


[Site "https://www.chess.com"]

[Event "Titled Tuesday Blitz June 27 Late 2023"]
[White "Ohanyan, Emin"]
[Black "Bjelobrk, Igor"]
[WhiteFideId "13312022"]
[BlackFideId "4300726"]
[WhiteElo "2792"]
[BlackElo "2565"]
[Result "1-0"]
[Round "5"]
[TimeControl "180+2"]
[Date "2023.06.27"]
[WhiteClock "0:01:08"]
[BlackClock "0:00:56"]
[Board "41"]

1. e4 e6 2. d4 d5 3. Bd3 c5 4. Nf3 Nc6 5. dxc5 dxe4 6. Bxe4 Qxd1+ 7. Kxd1 Bxc5 8. Ke2 Nf6 9. Bxc6+ bxc6 10. b3 O-O 11. Ba3 Bxa3 12. Nxa3 a5 13. Ne5 Bb7 14. Nac4 c5 15. f3 Nd5 16. Kf2 a4 17. Nd7 Rfc8 18. Ndb6 Nxb6 19. Nxb6 axb3 20. cxb3 Bd5 21. Rhc1 h6 22. Rc3 Rcb8 23. Nxa8 Rxa8 24. a4 Ra5 25. Rac1 Ra7 26. Rxc5 Bxb3 27. a5 Bd5 28. Ra1 Ra6 29. Rb5 g5 30. Rb6 Ra7 31. a6 Kg7 32. Ke3 Kf6 33. Kd4 Ke7 34. Kc5 Rc7+ 35. Kb5 Ra7 36. Rb8 1-0


[Site "https://www.chess.com"]

[Event "Titled Tuesday Blitz June 27 Late 2023"]
[White "Kushko, Dmitriy"]
[Black "Golubev, Mikhail"]
[WhiteFideId "14162261"]
[BlackFideId "14100983"]
[WhiteElo "2789"]
[BlackElo "2555"]
[Result "1-0"]
[Round "5"]
[TimeControl "180+2"]
[Date "2023.06.27"]
[WhiteClock "0:00:29"]
[BlackClock "0:00:00"]
[Board "42"]

1. Nf3 d6 2. d4 Nf6 3. g3 g6 4. Bg2 Bg7 5. O-O O-O 6. Re1 Nbd7 7. e4 e5 8. Nc3 Re8 9. h3 c6 10. a4 a5 11. Be3 exd4 12. Bxd4 Qc7 13. Qd2 Ne5 14. Nh2 Nc4 15. Qc1 Be6 16. b3 Ne5 17. Qf4 Nh5 18. Qd2 Rad8 19. Rad1 Nf6 20. g4 h5 21. f4 hxg4 22. Qf2 gxh3 23. Bb6 Qxb6 24. Qxb6 Ned7 25. Qxb7 hxg2 26. Rxd6 Bf8 27. Red1 Nc5 28. Qxc6 Rc8 29. Qb5 Bxd6 30. Rxd6 Ncxe4 31. Nxe4 Nxe4 32. Rc6 Rcd8 33. Nf3 Bh3 34. Kh2 Rd1 35. Kxh3 g1=Q 36. Nxg1 Rxg1 37. Rxg6+ Rxg6 38. Qxe8+ Kg7 39. Qxe4 1-0


[Site "https://www.chess.com"]

[Event "Titled Tuesday Blitz June 27 Late 2023"]
[White "Jimenez Almeida, Luis David"]
[Black "Milikow, Yoav"]
[WhiteFideId "22242244"]
[BlackFideId "2822237"]
[WhiteElo "2549"]
[BlackElo "2773"]
[Result "1/2-1/2"]
[Round "5"]
[TimeControl "180+2"]
[Date "2023.06.27"]
[WhiteClock "0:02:32"]
[BlackClock "0:02:36"]
[Board "43"]

1. e4 e5 2. Nf3 Nc6 3. Bb5 Nf6 4. O-O Nxe4 5. d4 Nd6 6. Bxc6 dxc6 7. dxe5 Nf5 8. Qxd8+ Kxd8 9. Rd1+ Ke8 10. h3 Be7 11. Nc3 Nh4 12. Nd4 Nf5 13. Nf3 Nh4 14. Nd4 Nf5 15. Nf3 1/2-1/2


[Site "https://www.chess.com"]

[Event "Titled Tuesday Blitz June 27 Late 2023"]
[White "Tristan, Leonardo"]
[Black "D`Arruda, Ricardo D."]
[WhiteFideId "113816"]
[BlackFideId "100692"]
[WhiteElo "2771"]
[BlackElo "2546"]
[Result "0-1"]
[Round "5"]
[TimeControl "180+2"]
[Date "2023.06.27"]
[WhiteClock "0:00:00"]
[BlackClock "0:00:25"]
[Board "44"]

1. d4 Nf6 2. Nf3 e6 3. Bf4 d5 4. e3 Bd6 5. Nbd2 Bxf4 6. exf4 O-O 7. c3 Nbd7 8. Bd3 c5 9. O-O Qb6 10. Rb1 Nb8 11. Re1 Nc6 12. dxc5 Qxc5 13. Nb3 Qd6 14. g3 Bd7 15. Nbd4 a6 16. Bc2 Rfe8 17. Ne5 Rad8 18. Ndf3 Bc8 19. Ng5 Re7 20. Qd3 g6 21. h4 d4 22. Rbd1 Qc7 23. Nxc6 bxc6 24. Qc4 dxc3 25. Rxd8+ Qxd8 26. Qxc3 Rd7 27. Bb3 Rd3 28. Qxc6 Bd7 29. Qxa6 Rd2 30. Re2 Rxe2 31. Qxe2 Bc6 32. Nxf7 Kxf7 33. Qxe6+ Kg7 34. Qxc6 Ng4 35. Qc3+ Kh6 36. Qc1 Qb6 37. f5+ Kg7 38. Qf4 Nf6 39. fxg6 hxg6 40. Qc4 Qb7 41. Qe6 Qc7 42. Kg2 Qb7+ 43. Kh2 Qa7 44. Qe3 Ng4+ 45. Kg2 Nxe3+ 46. fxe3 Qxe3 47. Kh3 Qd2 48. Kg4 Qxb2 49. Kf4 Kf6 50. Kf3 Qc3+ 51. Kf4 Qd4+ 52. Kf3 Ke5 53. Kg2 Ke4 54. Bc2+ Ke3 55. Bxg6 Qd2+ 56. Kh3 Qxa2 57. Kg4 Qe6+ 58. Bf5 Qg8+ 0-1


[Site "https://www.chess.com"]

[Event "Titled Tuesday Blitz June 27 Late 2023"]
[White "Koutsin, Sergey"]
[Black "Cruz, Jonathan"]
[WhiteFideId "14101483"]
[BlackFideId "3802124"]
[WhiteElo "2519"]
[BlackElo "2769"]
[Result "0-1"]
[Round "5"]
[TimeControl "180+2"]
[Date "2023.06.27"]
[WhiteClock "0:00:04"]
[BlackClock "0:00:06"]
[Board "45"]

1. d4 Nf6 2. c4 g6 3. Nc3 d5 4. Nf3 Bg7 5. e3 O-O 6. b4 c6 7. Bb2 Bg4 8. Be2 Nbd7 9. O-O dxc4 10. Bxc4 e5 11. Be2 Bxf3 12. Bxf3 exd4 13. Qxd4 Nd5 14. Qc4 Ne5 15. Qb3 Nxf3+ 16. gxf3 Qg5+ 17. Kh1 Qf6 18. f4 Nxc3 19. Rac1 Qf5 20. Bxc3 Qe4+ 21. Kg1 Rad8 22. Bxg7 Kxg7 23. Rcd1 a6 24. a3 Rfe8 25. Qc3+ Kg8 26. Rd2 Rxd2 27. Qxd2 h5 28. Rd1 h4 29. h3 Qf3 30. Qd7 Re6 31. Qc8+ Kg7 32. Rd8 Qxh3 33. Rg8+ Kf6 34. Qd8+ Kf5 35. Qg5+ Ke4 36. Rd8 Kf3 37. Rd4 Rf6 38. e4 Qg4+ 39. Qxg4+ Kxg4 40. f5 gxf5 41. exf5+ Kxf5 42. Rd7 b6 43. Rb7 c5 44. bxc5 bxc5 45. Rc7 Ke4 46. Rxc5 Kd4 47. Rh5 Kc4 48. Rxh4+ Kb3 49. a4 a5 50. Kf1 Rb6 51. Rf4 Rb4 52. Rxf7 Kxa4 53. f4 Kb3 54. Kf2 a4 55. Re7 Rxf4+ 56. Kg3 Rc4 57. Kf3 a3 58. Rb7+ Rb4 59. Rc7 a2 60. Rc1 Kb2 61. Re1 a1=Q 62. Rxa1 Kxa1 63. Ke3 Kb2 64. Kd3 Kb3 0-1


[Site "https://www.chess.com"]

[Event "Titled Tuesday Blitz June 27 Late 2023"]
[White "Morefield, Jason"]
[Black "Guzman Moneo, Alberto"]
[WhiteFideId "30920825"]
[BlackFideId "2209616"]
[WhiteElo "2766"]
[BlackElo "2396"]
[Result "1-0"]
[Round "5"]
[TimeControl "180+2"]
[Date "2023.06.27"]
[WhiteClock "0:00:44"]
[BlackClock "0:00:00"]
[Board "46"]

1. Nf3 g6 2. e4 Bg7 3. d4 d6 4. Nc3 a6 5. Bd3 b5 6. a4 b4 7. Ne2 a5 8. O-O Bb7 9. Ng3 h5 10. Bg5 Nd7 11. Re1 Ngf6 12. e5 dxe5 13. dxe5 Bxf3 14. Qxf3 Nh7 15. Bf4 e6 16. Bb5 Nf8 17. Rad1 Rb8 18. Ne4 Qe7 19. Bg5 f5 20. exf6 1-0


[Site "https://www.chess.com"]

[Event "Titled Tuesday Blitz June 27 Late 2023"]
[White "Aradhya, Garg"]
[Black "Bernado Lopez, Roger"]
[WhiteFideId "25006746"]
[BlackFideId "24585009"]
[WhiteElo "2752"]
[BlackElo "2362"]
[Result "1-0"]
[Round "5"]
[TimeControl "180+2"]
[Date "2023.06.27"]
[WhiteClock "0:00:27"]
[BlackClock "0:00:06"]
[Board "47"]

1. d4 d5 2. c4 e6 3. Nf3 Nf6 4. Nc3 h6 5. g3 Nc6 6. Bg2 Bd6 7. O-O O-O 8. a3 dxc4 9. Qa4 e5 10. Qxc4 exd4 11. Nxd4 Nxd4 12. Qxd4 Qe7 13. Rd1 Bc5 14. Qh4 c6 15. b4 Bb6 16. e3 Bg4 17. Re1 Rad8 18. h3 Bf5 19. g4 Bg6 20. Ne2 Rfe8 21. Bb2 Ne4 22. Qxe7 Rxe7 23. Rad1 Red7 24. Rxd7 Rxd7 25. Bd4 Nd2 26. Bxb6 axb6 27. b5 Be4 28. Rc1 c5 29. Nc3 Bxg2 30. Kxg2 Nb3 31. Rc2 Na5 32. e4 Rd3 33. Nd5 Rxa3 34. Nxb6 Nb3 35. Rc3 Kf8 36. Nd7+ Ke7 37. Nxc5 Nxc5 38. Rxa3 Nxe4 39. Re3 1-0


[Site "https://www.chess.com"]

[Event "Titled Tuesday Blitz June 27 Late 2023"]
[White "Coelho, Ramyres Santana"]
[Black "Mahdavi, Reza"]
[WhiteFideId "2120690"]
[BlackFideId "12595926"]
[WhiteElo "2318"]
[BlackElo "2751"]
[Result "0-1"]
[Round "5"]
[TimeControl "180+2"]
[Date "2023.06.27"]
[WhiteClock "0:00:04"]
[BlackClock "0:01:40"]
[Board "48"]

1. e4 c5 2. Nf3 d6 3. d4 cxd4 4. Nxd4 Nf6 5. Nc3 a6 6. f3 e5 7. Nb3 Be6 8. Be3 Nbd7 9. Qd2 Be7 10. O-O-O b5 11. g4 O-O 12. g5 Nh5 13. Rg1 b4 14. Nd5 Bxd5 15. exd5 a5 16. Kb1 a4 17. Nc1 Qa5 18. Bd3 g6 19. Be4 Rfc8 20. Ne2 Nb6 21. Bxb6 Qxb6 22. f4 exf4 23. Nxf4 Nxf4 24. Qxf4 Bf8 25. Rgf1 Rc7 26. h4 Bg7 27. Rd3 a3 28. b3 Qc5 29. Qf2 Qa5 30. h5 Re8 31. hxg6 hxg6 32. Bg2 Rce7 33. Re3 Qc7 34. Qxf7+ Rxf7 35. Rxe8+ Bf8 36. Bh3 Rxf1+ 37. Bxf1 Qc3 38. Kc1 Qa1+ 39. Kd2 Qxf1 40. Rxf8+ Qxf8 41. Kd3 Qc8 42. Kd4 Qc3+ 43. Ke4 Qxc2+ 44. Kd4 Qxa2 45. Kc4 Qd2 46. Kb5 a2 47. Ka4 a1=Q+ 48. Kb5 Qxd5+ 49. Kxb4 Qaa5# 0-1


[Site "https://www.chess.com"]

[Event "Titled Tuesday Blitz June 27 Late 2023"]
[White "Oparin, Grigoriy"]
[Black "Veiga, Jose Francisco R P Neves"]
[WhiteFideId "24125890"]
[BlackFideId "1930087"]
[WhiteElo "3000"]
[BlackElo "2671"]
[Result "1-0"]
[Round "5"]
[TimeControl "180+2"]
[Date "2023.06.27"]
[WhiteClock "0:01:20"]
[BlackClock "0:00:04"]
[Board "49"]

1. d4 Nf6 2. c4 e6 3. Nf3 d5 4. Nc3 Be7 5. cxd5 exd5 6. Bf4 c6 7. e3 Bf5 8. Nh4 Bg4 9. Qc2 O-O 10. h3 Be6 11. Bd3 c5 12. Nf3 Nc6 13. a3 cxd4 14. exd4 h6 15. O-O Rc8 16. Rfe1 Bd6 17. Bxd6 Qxd6 18. Rad1 Nh5 19. Ne5 Nf4 20. Bf1 Rfe8 21. Qd2 Nh5 22. Re3 Nf6 23. Bb5 a6 24. Bxc6 bxc6 25. Nd3 Bf5 26. Nc5 a5 27. Rde1 Rxe3 28. Rxe3 g5 29. Re5 Bg6 30. Qe2 Kg7 31. f3 Rb8 32. N3a4 Nd7 33. Nxd7 Qxd7 34. Nc5 Qd6 35. Qd2 Rb5 36. Re2 Rb8 37. Qxa5 Qf4 38. Qc3 h5 39. b4 h4 40. Qe3 Qf6 41. Nd7 1-0


[Site "https://www.chess.com"]

[Event "Titled Tuesday Blitz June 27 Late 2023"]
[White "Antipov, Mikhail Al."]
[Black "Antonica, Dragos-Andrei"]
[WhiteFideId "4107012"]
[BlackFideId "1246372"]
[WhiteElo "2906"]
[BlackElo "2670"]
[Result "1-0"]
[Round "5"]
[TimeControl "180+2"]
[Date "2023.06.27"]
[WhiteClock "0:02:17"]
[BlackClock "0:01:58"]
[Board "50"]

1. e4 e6 2. d4 d5 3. Nd2 c5 4. Ngf3 Nc6 5. exd5 exd5 6. Bb5 a6 7. Bxc6+ bxc6 8. O-O cxd4 9. Re1+ Be7 10. Nb3 Nf6 11. Qe2 Kf8 12. Nbxd4 Bd7 13. Ne5 c5 14. Ndc6 Qe8 15. Nxe7 Qxe7 16. Ng6+ hxg6 17. Qxe7+ 1-0


[Site "https://www.chess.com"]

[Event "Titled Tuesday Blitz June 27 Late 2023"]
[White "Ter-Sahakyan, Samvel"]
[Black "Mirzoev, Azer"]
[WhiteFideId "13302531"]
[BlackFideId "13400304"]
[WhiteElo "2895"]
[BlackElo "2682"]
[Result "1/2-1/2"]
[Round "5"]
[TimeControl "180+2"]
[Date "2023.06.27"]
[WhiteClock "0:00:08"]
[BlackClock "0:00:21"]
[Board "51"]

1. d4 d5 2. c4 dxc4 3. e4 e5 4. Nf3 Bb4+ 5. Bd2 Bxd2+ 6. Qxd2 exd4 7. Nxd4 Nf6 8. Nc3 O-O 9. Bxc4 c5 10. Nc2 Qxd2+ 11. Kxd2 Rd8+ 12. Ke2 Nc6 13. Rhd1 Be6 14. Bxe6 fxe6 15. f3 b6 16. Rxd8+ Rxd8 17. Rd1 Rxd1 18. Nxd1 Kf7 19. Nde3 Ke7 20. a4 g5 21. Nc4 Nd7 22. g3 Nde5 23. Nd2 Ng6 24. Ke3 Nge5 25. b3 a6 26. h3 b5 27. axb5 axb5 28. f4 gxf4+ 29. gxf4 Nd7 30. Na3 Nd4 31. Kd3 Nf6 32. Nab1 Nh5 33. Ke3 Nc2+ 34. Kf3 Kd6 35. Nc3 Nd4+ 36. Kg4 Nf6+ 37. Kg5 Nd7 38. Kh6 b4 39. Nd1 Ne2 40. f5 exf5 41. exf5 Ke5 42. Kxh7 Kxf5 43. Kg7 Nf4 44. Kf7 Nxh3 45. Ke7 Ne5 46. Kd6 c4 47. bxc4 Ng5 48. c5 Ne4+ 49. Nxe4 Kxe4 50. c6 Nxc6 51. Kxc6 b3 52. Kb5 b2 53. Nxb2 1/2-1/2


[Site "https://www.chess.com"]

[Event "Titled Tuesday Blitz June 27 Late 2023"]
[White "cafu1950"]
[Black "Mekhitarian, Krikor Sevag"]
[BlackFideId "2107660"]
[WhiteElo "2627"]
[BlackElo "2857"]
[Result "0-1"]
[Round "5"]
[TimeControl "180+2"]
[Date "2023.06.27"]
[WhiteClock "0:00:00"]
[BlackClock "0:00:11"]
[Board "52"]

1. d4 Nf6 2. Nc3 d5 3. Bf4 a6 4. e3 Bf5 5. Bd3 Bxd3 6. cxd3 e6 7. Nf3 Be7 8. Qb3 b5 9. a4 b4 10. Ne2 Nbd7 11. Rc1 c5 12. Ne5 Rc8 13. O-O O-O 14. Rc2 a5 15. Rfc1 Qb6 16. h3 Qb7 17. Kh2 h6 18. g4 Nxe5 19. Bxe5 Nd7 20. Bg3 Rc6 21. e4 dxe4 22. dxe4 Rfc8 23. d5 Ra6 24. Qd3 exd5 25. exd5 Nf6 26. d6 Rd8 27. Rxc5 Bxd6 28. Bxd6 Raxd6 29. Qb5 Qf3 30. Rf5 Qb3 31. Qxa5 Qxb2 32. Qe5 Qa2 33. Ra1 Qc4 34. Ng3 Rd2 35. Rf4 Qc2 36. Rf1 b3 37. Qe3 b2 38. Rb4 Qc7 39. Qb6 Qe5 0-1


[Site "https://www.chess.com"]

[Event "Titled Tuesday Blitz June 27 Late 2023"]
[White "Janaszak, Dawid"]
[Black "Hamidi, Amir Mohammad"]
[WhiteFideId "1119206"]
[BlackFideId "12563285"]
[WhiteElo "2574"]
[BlackElo "2826"]
[Result "0-1"]
[Round "5"]
[TimeControl "180+2"]
[Date "2023.06.27"]
[WhiteClock "0:00:00"]
[BlackClock "0:00:22"]
[Board "53"]

1. d4 Nf6 2. Nf3 g6 3. Bg5 Bg7 4. c3 O-O 5. Nbd2 d6 6. e4 Nc6 7. Be2 h6 8. Bh4 e5 9. dxe5 Nxe5 10. O-O Qe7 11. Nxe5 dxe5 12. Bc4 Rd8 13. Qc2 Bg4 14. h3 Be6 15. Bxe6 Qxe6 16. Rfd1 Rd6 17. Bxf6 Bxf6 18. Nf1 Rad8 19. Rxd6 Rxd6 20. a4 Bg5 21. Rd1 Qd7 22. Rxd6 Qxd6 23. Qb3 b6 24. g3 h5 25. h4 Bh6 26. Qc4 c6 27. b4 Kg7 28. b5 c5 29. Kg2 Qd7 30. Nh2 f6 31. Nf3 Qd6 32. Ng1 Bc1 33. Ne2 Bd2 34. Ng1 Bc1 35. Ne2 Bh6 36. Ng1 Kf8 37. Nh3 Qd7 38. a5 bxa5 39. Qxc5+ Qe7 40. Qc8+ Kf7 41. Qa6 Qc7 42. c4 Bf8 43. Ng1 Bc5 44. Ne2 Bb6 45. c5 Qxc5 46. Qb7+ Ke6 47. Kh3 Qc4 48. Ng1 Qf1+ 49. Kh2 Qxf2+ 50. Kh3 Qf1+ 51. Kh2 Bxg1+ 0-1


[Site "https://www.chess.com"]

[Event "Titled Tuesday Blitz June 27 Late 2023"]
[White "Perez Ponsa, Federico"]
[Black "Martinez Ramirez, Lennis"]
[WhiteFideId "117927"]
[BlackFideId "3509079"]
[WhiteElo "2794"]
[BlackElo "2626"]
[Result "1-0"]
[Round "5"]
[TimeControl "180+2"]
[Date "2023.06.27"]
[WhiteClock "0:00:04"]
[BlackClock "0:00:02"]
[Board "54"]

1. d4 Nf6 2. Nf3 d5 3. Bf4 e6 4. e3 Bd6 5. Bg3 Nc6 6. Nbd2 O-O 7. Ne5 Bxe5 8. dxe5 Nd7 9. Bd3 Ndxe5 10. Bxe5 Nxe5 11. Bxh7+ Kxh7 12. Qh5+ Kg8 13. Qxe5 f6 14. Qg3 e5 15. h4 Bf5 16. O-O-O c6 17. e4 Be6 18. h5 Qe7 19. h6 g5 20. Kb1 Kh8 21. Qe3 d4 22. Qd3 a5 23. g3 a4 24. c4 b5 25. cxb5 cxb5 26. Rc1 a3 27. b3 Qb4 28. Rc6 Bd7 29. Rc7 Rad8 30. Rhc1 Kh7 31. R1c2 Kxh6 32. f4 Kg6 33. Nf3 Rh8 34. fxe5 Rh1+ 35. Rc1 Rdh8 36. exf6 Rxc1+ 37. Rxc1 Kxf6 38. e5+ Ke7 39. Qg6 Rf8 40. Qxg5+ Ke8 41. Nh4 d3 42. Qg6+ Rf7 43. e6 Qd4 44. Qxf7+ Kd8 45. e7# 1-0


[Site "https://www.chess.com"]

[Event "Titled Tuesday Blitz June 27 Late 2023"]
[White "Ladron De Guevara Pinto, Paolo"]
[Black "Tsaruk, Maksim"]
[WhiteFideId "2290847"]
[BlackFideId "13511173"]
[WhiteElo "2558"]
[BlackElo "2780"]
[Result "0-1"]
[Round "5"]
[TimeControl "180+2"]
[Date "2023.06.27"]
[WhiteClock "0:00:00"]
[BlackClock "0:00:04"]
[Board "55"]

1. e4 e5 2. Nf3 Nc6 3. Bb5 a6 4. Ba4 Nge7 5. c3 g6 6. d4 exd4 7. cxd4 Bg7 8. O-O b5 9. Bb3 O-O 10. Nc3 d6 11. h3 Na5 12. Bc2 c5 13. Re1 Bb7 14. d5 Rc8 15. Rb1 h6 16. Ne2 f5 17. Nf4 Qd7 18. e5 dxe5 19. Nxe5 Bxe5 20. Rxe5 Nc4 21. Rxe7 Qxe7 22. Nxg6 Qg7 23. Nxf8 Rxf8 24. b3 Nb6 25. Bb2 Qg6 26. f4 Nxd5 27. Qf3 Rf7 28. Rd1 Rd7 29. Rd2 b4 30. Bd3 Kf8 31. Bc4 Nc3 32. Qe3 Rxd2 33. Qxd2 Qf6 34. Qd7 Be4 35. Qc8+ Ke7 36. Qxc5+ Kd7 37. Qa7+ Kd8 38. Qb8+ Kd7 39. Qb7+ Bxb7 0-1


[Site "https://www.chess.com"]

[Event "Titled Tuesday Blitz June 27 Late 2023"]
[White "Matinian, Nikita"]
[Black "JackRodgers"]
[WhiteFideId "24129100"]
[WhiteElo "2734"]
[BlackElo "2544"]
[Result "0-1"]
[Round "5"]
[TimeControl "180+2"]
[Date "2023.06.27"]
[WhiteClock "0:00:02"]
[BlackClock "0:00:36"]
[Board "56"]

1. e4 c5 2. Nf3 g6 3. d4 cxd4 4. Nxd4 Nc6 5. c4 Bg7 6. Nb3 Nf6 7. Nc3 d6 8. Be2 O-O 9. O-O Be6 10. Be3 Ne5 11. c5 d5 12. Nd4 Bc8 13. Bf4 Nxe4 14. Nxe4 dxe4 15. Nb5 Bd7 16. Nc3 Bc6 17. Qb3 Nd3 18. Rfd1 Qc8 19. Be3 Rd8 20. Nxe4 Bxe4 21. Bxd3 Bxd3 22. Rxd3 Rxd3 23. Qxd3 Bxb2 24. Rb1 Bf6 25. Qb5 Rb8 26. c6 b6 27. Bf4 a6 28. Qd5 e5 29. Bxe5 Qf5 30. Re1 Bxe5 31. g3 Bc3 32. Rd1 Qxd5 33. Rxd5 Rc8 34. Rd6 Be5 35. Rd5 Bc3 36. Rd6 Bb4 37. Rd4 a5 38. Rc4 Bc5 0-1


[Site "https://www.chess.com"]